 Dungeon Crawl Stone Soup version 0.20.2-3-g29329e0561 (webtiles) character file.

221 Alfie the Skirmisher (level 5, -1/47 HPs)
             Began as a Hill Orc Fighter on Feb 10, 2023.
             Slain by an ice beast (4 damage)
             ... on level 4 of the Dungeon.
             The game lasted 00:07:23 (2734 turns).

Alfie the Skirmisher (Hill Orc Fighter)             Turns: 2734, Time: 00:07:23

Health: -1/47      AC: 11    Str: 20    XL:     5   Next: 98%
Magic:  5/5        EV:  7    Int:  8    God:
Gold:   231        SH:  9    Dex: 10    Spells: 4/4 levels left

rFire    . . .     SeeInvis .   a - +0 rapier
rCold    . . .     Gourm    .   c - +0 shield
rNeg     . . .     Faith    .   j - +0 scale mail
rPois    .         Spirit   .   (no helmet)
rElec    .         Reflect  .   d - +0 cloak
rCorr    .         Harm     .   (no gloves)
MR       .....                  (no boots)
Stlth    ..........             (no amulet)
Regen    0.2/turn               g - +3 ring of protection
MPRegen  0.1/turn               (no ring)

@: no status effects
A: no striking features
a: no special abilities


You were on level 4 of the Dungeon.
You were not hungry.

You visited 1 branch of the dungeon, and saw 4 of its levels.

You collected 231 gold pieces.

Inventory:

Hand Weapons
 a - a +0 rapier (weapon)
Armour
 c - a +0 shield (worn)
 d - a +0 cloak (worn)
 j - a +0 scale mail (worn)
Jewellery
 g - a +3 ring of protection (left hand)
 l - a cursed -2 ring of strength {unknown}
 q - an uncursed amulet of regeneration {unknown}
Scrolls
 m - 2 scrolls of immolation {unknown}
 n - a scroll of blinking {unknown}
 p - a scroll of remove curse
 r - 3 scrolls of teleportation {unknown}
 s - a scroll of fear {unknown}
 v - a scroll of magic mapping {unknown}
 x - a scroll of random uselessness {unknown}
 y - a scroll of amnesia {unknown}
 A - a scroll of identify
Potions
 b - a potion of lignification {unknown}
 e - 2 potions of curing
 h - a potion of flight {unknown}
 i - 2 potions of brilliance {unknown}
 o - 3 potions of heal wounds {unknown}
 t - 4 potions of invisibility {unknown}
 u - 2 potions of magic {unknown}
 z - a potion of degeneration {unknown}
Comestibles
 f - 3 bread rations
 k - 2 royal jellies
 w - a meat ration


   Skills:
 + Level 4.4 Fighting
 + Level 4.0 Short Blades
 + Level 4.0 Armour
 + Level 0.8 Dodging
 + Level 0.5 Stealth
 + Level 4.2 Shields


You had 4 spell levels left.
You didn't know any spells.

Dungeon Overview and Level Annotations

Branches:
Dungeon (4/15)             Temple (0/1) D:4

Altars:
Okawaru
Zin


Message History

The ice beast hits you.
* * * LOW HITPOINT WARNING * * *
The ice beast freezes you!
* * * LOW HITPOINT WARNING * * *
You hit the ice beast.
The ice beast is lightly wounded.
The ice beast hits you but does no damage.
You puncture the ice beast!
The ice beast is moderately wounded.
The ice beast hits you but does no damage.
You closely miss the ice beast.
The ice beast is moderately wounded.
The ice beast hits you but does no damage.
Your shield and scale mail prevent you from hitting the ice beast.
The ice beast is moderately wounded.
You block the ice beast's attack.
You hit the ice beast but do no damage.
The ice beast is moderately wounded.
The ice beast hits you.
You die...

.......#...#####.............#.##
#......#.#.## #.................
##........... #.............####
##.....###.### #......[...[..# #
##..#........###.............# #
##..#......#.....# #########.####
....##.##.##.....# #.....
.................# #.....
..≈≈≈≈≈.........@# #.....
≈≈≈≈≈≈≈≈≈.......Y# #.....
≈≈≈≈≈≈≈≈≈≈≈......# #.....
≈≈≈≈≈≈≈≈≈≈≈≈.....###########.....
≈≈≈...≈≈≈≈≈≈..............##.....
≈≈≈.>.≈≈≈≈≈≈.....................
≈≈≈...≈≈≈≈≈≈...........##.###....
≈≈≈≈≈≈≈≈≈≈≈..##........##.# #....
≈≈≈≈≈≈≈≈≈....##........##.# #.#..


You could see an ice beast.

Vanquished Creatures
  A hound (D:4)
  Crazy Yiuf (D:2)
  An iguana (D:4)
  Jessica (D:2)
  A worker ant (D:3)
  2 adders (D:3)
  2 worms (D:2)
  A dart slug (D:1)
  A leopard gecko (D:4)
  An orc (D:3)
  6 bats
  3 giant cockroaches
  12 goblins
  3 hobgoblins
  8 jackals
  6 kobolds
  A ball python (D:1)
  A frilled lizard (D:1)
  7 rats
59 creatures vanquished.

Notes
Turn   | Place    | Note
-------+----------+-------------------------------------------
     0 | D:1      | Alfie the Hill Orc Fighter began the quest for the Orb.
     0 | D:1      | Reached XP level 1. HP: 19/19 MP: 1/1
   127 | D:1      | Reached XP level 2. HP: 22/26 MP: 2/2
   648 | D:1      | Reached XP level 3. HP: 33/33 MP: 3/3
  1141 | D:2      | Found a runed door.
  1258 | D:2      | Noticed Jessica
  1261 | D:2      | Killed Jessica
  1261 | D:2      | Reached XP level 4. HP: 34/40 MP: 4/4
  1518 | D:2      | Noticed Crazy Yiuf
  1522 | D:2      | Killed Crazy Yiuf
  1749 | D:3      | Reached XP level 5. HP: 25/46 MP: 5/5
  2049 | D:3      | Found a glowing silver altar of Zin.
  2100 | D:3      | Found an iron altar of Okawaru.
  2618 | D:4      | Found a staircase to the Ecumenical Temple.
  2718 | D:4      | Noticed an ice beast
  2729 | D:4      | HP: 2/47 [ice beast (11)]
  2734 | D:4      | Slain by an ice beast

Skill      XL: |  1  2  3  4  5 |
---------------+----------------+-----
Short Blades   | 3 4 |  4.0
Fighting       | 4 |  4.4
Shields        | 4 |  4.2
Armour         | 4 |  4.0
Dodging        | |  0.8
Stealth        | |  0.5

Action                   |  1- 3 |  4- 6 || total
-------------------------+-------+-------++-------
Melee: Rapier            |    75 |   191 ||   266
  Use: Scroll            |     1 |     2 ||     3
       Potion            |       |     1 ||     1
  Eat: Bread ration      |     1 |       ||     1
       Royal jelly       |       |     1 ||     1
Armor: Scale mail        |    21 |   105 ||   126
Dodge: Dodged            |    16 |    45 ||    61
Block: Shield            |    29 |   118 ||   147
